 Dungeon Crawl Stone Soup version 0.15.2 (webtiles) character file.

1254 magipi the Grappler (level 8, -4/70 HPs)
             Began as a Troll Hunter on Apr 23, 2016.
             Was a Priest of Nemelex Xobeh.
             Slain by Grinder (6 damage)
             ... on Level 6 of the Dungeon.
             The game lasted 00:30:10 (4727 turns).

magipi the Grappler (Troll Hunter)                  Turns: 4727, Time: 00:30:10

HP  -4/70        AC  5     Str 21      XL: 8   Next: 26%
MP   7/7         EV 10     Int  7      God: Nemelex Xobeh [***...]
Gold 327         SH  0     Dex 12      Spells:  0 memorised,  7 levels left

rFire  . . .     SeeInvis +       - Unarmed
rCold  . . .     Clarity  .     d - +0 animal skin
rNeg   . . .     rCorr    .     (shield restricted)
rPois  .         rRot     .     (helmet restricted)
rElec  .         Spirit   .     (no cloak)
SustAb +         Warding  .     (gloves unavailable)
rMut   .         Stasis   .     (boots unavailable)
Gourm  +                        (no amulet)
MR     .....                    D - ring of sustain abilities
                                i - ring of see invisible

@: not resistant to hostile enchantments, very unstealthy
A: unfitting armour, claws 3, fast metabolism 3, gourmand, regeneration 2,
saprovore 2, shaggy fur 1, tough skin 2
a: Draw One, Peek at Two, Triple Draw, Renounce Religion


You were on level 6 of the Dungeon.
You worshipped Nemelex Xobeh.
Nemelex Xobeh was most pleased with you.
You were completely stuffed.

You visited 1 branch of the dungeon, and saw 8 of its levels.

You collected 327 gold pieces.

Inventory:

Hand weapons
 b - a +4 blowgun
Missiles
 c - 2 throwing nets
 z - 4 large rocks (quivered)
 E - 13 poisoned needles
Armour
 d - a +0 animal skin (worn)
Magical devices
 h - a wand of disintegration (9)
 A - a wand of polymorph (2)
Comestibles
 a - 4 meat rations
 o - 5 bread rations
 q - 5 fruits
 I - a chunk of giant gecko flesh
Scrolls
 e - 3 scrolls of teleportation {unknown}
 g - 8 scrolls of remove curse
 j - a scroll of silence {unknown}
 k - 2 scrolls of fear
 p - a scroll of noise {unknown}
 u - a scroll of recharging {unknown}
 y - a scroll of holy word {unknown}
 B - a scroll of summoning {unknown}
 J - a scroll of fog {unknown}
Jewellery
 i - a ring of see invisible (left claw)
 r - an uncursed ring of fire
 D - a ring of sustain abilities (right claw)
Potions
 f - a potion of brilliance
 l - 5 potions of curing
 m - a potion of might
 s - a potion of invisibility
 v - a potion of cure mutation
 C - a potion of magic
 G - a potion of confusion {unknown}
Miscellaneous
 t - a plain deck of escape
 w - a plain deck of war {drawn: 1}
 x - a plain deck of escape
 F - a plain deck of war


   Skills:
 - Level 1.5 Fighting
 - Level 4.0 Throwing
 - Level 1.5 Dodging
 - Level 0.4 Stealth
 * Level 9.0 Unarmed Combat
 + Level 3.0 Evocations


You had 7 spell levels left.
You didn't know any spells.

Dungeon Overview and Level Annotations

Branches:
Dungeon (8/15)             Temple (0/1) D:4
   Lair: D:8-11

Altars:
Ashenzari
Cheibriados
Nemelex Xobeh
Qazlal
Zin

Annotations:
D:6 Grinder


Innate Abilities, Weirdness & Mutations

You are too large for most types of armour.
You have claws for hands.
Your metabolism is lightning-fast.
You like to eat raw meat.
You heal very quickly.
You can eat rotten meat.
You are covered in fur (AC +1).
You have very tough skin (AC +2).

Vault maps used:
D:1:      sevenhm_arrival_forest_fort_small_6, hex_large
D:2:      baited_tele_trap
D:3:      nemelex_xobeh_ov_fountains_minmay
D:4:      gammafunk_temple_overflow_statue, lemuel_temple_firewalk_marked
D:5:      grunt_qazlal_clouds, beetle_altar_1, first_bread
D:6:      kennysheep_generic_room_16, uniq_eustachio, uniq_grinder
D:7:      grunt_ministairs_5, grunt_ogre_cave,
          eino_small_chamber_without_monster, uniq_iyjb
D:8:      grunt_lair_entry_elf_guard_hut


Message History

You closely miss Eustachio.
Eustachio is heavily wounded.
Eustachio closely misses you.
You claw Eustachio!
Eustachio is severely wounded.
You closely miss Eustachio.
Eustachio is severely wounded.
Eustachio hits you with a falchion.
You scratch Eustachio.
Eustachio is almost dead.
Eustachio casts a spell.
Eustachio blinks!
Eustachio mumbles some strange words.
You scratch Eustachio.
You kill Eustachio!
Your Unarmed Combat skill increases to level 9!
Your Evocations skill increases to level 3!
The iron imp disappears in a puff of smoke!
z - 5 large rocks (gained 1)
K - a scroll of enchant weapon Read which item? (? for menu, Esc to quit)
Enchant which weapon? (? for menu, Esc to quit)
As you read the scroll of enchant weapon, it crumbles to dust.
Your +3 blowgun glows red for a moment.
Things that are here:
a falchion; a leather armour; the human corpse of Eustachio Something in your inventory has become rotten. (slot H) Eat a rotting chunk of hippogriff flesh? (ye/n/q/i?) This raw flesh tastes great.
You continue eating. x2
Eat a rotting chunk of rat flesh? (ye/n/q/i?) This raw flesh tastes great.
You continue eating. x2
You open the door.
There is an open door here.
There is an open door here.
Things that are here:
a falchion; a leather armour; the human corpse of Eustachio Search for what [Enter for "armo", or ? for help]?
There is an open door here.
You open the door.
There is an open door here.
You open the door. You open the door.
There is an open door here.
You open the door.
There is an open door here.
Grinder shouts!
You closely miss Grinder. You mangle Grinder!!
Grinder is heavily wounded.
Grinder hits you!
You writhe in agony.
You scratch Grinder but do no damage.
Grinder is heavily wounded.
Grinder hits you.
You writhe in agony.
You closely miss Grinder.
Grinder is heavily wounded.
Grinder closely misses you.
You barely miss Grinder.
Grinder is heavily wounded.
Grinder hits you.
You scratch Grinder.
Grinder is heavily wounded.
You barely miss Grinder.
Grinder is heavily wounded.
Grinder hits you but does no damage.
You scratch Grinder.
Grinder is severely wounded.
Grinder hits you.
You writhe in agony.
You closely miss Grinder.
Grinder is severely wounded.
Grinder gestures.
Grinder blinks!
Grinder hits you!
You writhe in agony.
There is an open door here.
You closely miss Grinder.
Grinder is severely wounded.
Grinder hits you.
You writhe in agony.
You scratch Grinder but do no damage.
Grinder is severely wounded.
You claw Grinder!
Grinder is almost dead.
Grinder hits you!
* * * LOW HITPOINT WARNING * * *
You writhe in agony.
* * * LOW HITPOINT WARNING * * *
Throwing (i - inventory. (,) - cycle):
z - 5 large rocks (quivered)
Press: ? - help, Shift-Dir - straight line, f - Grinder
Aim: Grinder (almost dead)
You throw a large rock. The large rock barely misses Grinder.
Grinder hits you!
* * * LOW HITPOINT WARNING * * *
You writhe in agony.
* * * LOW HITPOINT WARNING * * *
You scratch Grinder.
Grinder is almost dead.
Grinder hits you.
* * * LOW HITPOINT WARNING * * *
You writhe in agony.
You die...
Your body glows with a rainbow of weird colours and disappears.

.....##+##....# ' #.
..............# .# ##
..............#+## #...#.##
...............#.. . '...'.'.
........>..#'###.# . #...#.##
...........'...#.###'#...#'##
........(.#..('.....#...'.##
..........#.5.#.....'...#..'
..........#@###'###+#...#.##
##+##'#.....##.##.....##.##
...'.....'...'.....'....
...#.....#...#.....#.... ##
#.....#####.....##### #######
#######


You could see Grinder.

Table legend:
 A = Kills in this place as a percentage of kills in entire the game.
 B = Kills by you in this place as a percentage of kills by you in the entire game.
 C = Kills by friends in this place as a percentage of kills by friends in the entire game.
 D = Other kills in this place as a percentage of other kills in the entire game.
 E = Experience gained in this place as a percentage of experience gained in the entire game.
 F = Experience gained in this place divided by the number of levels of this place that you have seen.
                   A       B       C       D       E      F
               +-------+-------+-------+-------+-------+----------------------
         Total | 100.0 | 100.0 |  -nan |  -nan | 100.0 | 224.0
       Dungeon | 100.0 | 100.0 |  -nan |  -nan | 100.0 | 224.0
               +-------+-------+-------+-------+-------+----------------------

Vanquished Creatures
  A hungry ghost (D:7)
  Eustachio (D:6)
  A hippogriff (D:8)
  A phantom (D:7)
  A black bear (D:7)
  A gnoll sergeant (D:8)
  A giant frog (D:8)
  A scorpion (D:8)
  A goliath beetle (D:6)
  2 hounds
  2 crimson imps
  An orc priest (D:3)
  2 worker ants
  An iguana (D:8)
  Ijyb (D:7)
  7 adders
  3 gnolls
  A shadow imp (D:7)
  A giant mite (D:7)
  An adder zombie (D:8)
  7 giant geckos
  An ooze (D:2)
  5 orcs
  2 giant cockroaches
  13 hobgoblins
  4 jackals (D:1)
  4 quokkas
  2 ball pythons
  9 bats
  4 giant newts
  9 goblins
  A hobgoblin zombie (D:8)
  12 kobolds
  An orc zombie (D:5)
  4 rats
  A rat skeleton (D:7)
110 creatures vanquished.

Vanquished Creatures (others)
  A worker ant (D:4)
1 creature vanquished.

Grand Total: 111 creatures vanquished

Notes
Turn   | Place    | Note
--------------------------------------------------------------
     0 | D:1      | magipi, the Troll Hunter, began the quest for the Orb.
     0 | D:1      | Reached XP level 1. HP: 19/19 MP: 1/1
    68 | D:1      | Reached XP level 2. HP: 22/27 MP: 1/1
   770 | D:2      | Reached XP level 3. HP: 33/33 MP: 2/2
  1232 | D:2      | Reached skill level 4 in Throwing
  1590 | D:3      | Found a sparkling altar of Nemelex Xobeh.
  1645 | D:3      | Became a worshipper of Nemelex Xobeh the Trickster
  1678 | D:3      | Reached XP level 4. HP: 22/41 MP: 2/2
  1927 | D:4      | Received a gift from Nemelex Xobeh
  1940 | D:4      | Found a staircase to the Ecumenical Temple.
  2219 | D:4      | Found a glowing silver altar of Zin.
  2219 | D:4      | Found a shattered altar of Ashenzari.
  2227 | D:4      | Reached XP level 5. HP: 42/48 MP: 2/2
  2262 | D:4      | Received a gift from Nemelex Xobeh
  2269 | D:4      | Acquired Nemelex Xobeh's first power
  2383 | D:5      | Entered Level 5 of the Dungeon
  2429 | D:5      | Found a snail-covered altar of Cheibriados.
  2631 | D:5      | Received a gift from Nemelex Xobeh
  2873 | D:5      | Found a stormy altar of Qazlal.
  2882 | D:5      | Acquired Nemelex Xobeh's second power
  3149 | D:6      | Reached skill level 5 in Unarmed Combat
  3204 | D:6      | Noticed Eustachio
  3221 | D:7      | Noticed a hungry ghost
  3275 | D:7      | Killed a hungry ghost
  3275 | D:7      | Reached skill level 6 in Unarmed Combat
  3275 | D:7      | Reached XP level 6. HP: 48/55 MP: 3/3
  3344 | D:7      | Noticed a phantom
  3361 | D:7      | Killed a phantom
  3424 | D:7      | Noticed Ijyb
  3436 | D:7      | Reached skill level 7 in Unarmed Combat
  3441 | D:7      | Killed Ijyb
  3497 | D:7      | Reached XP level 7. HP: 62/62 MP: 3/3
  3702 | D:7      | Noticed a black bear
  3714 | D:7      | Killed a black bear
  3714 | D:7      | Reached skill level 1 in Evocations
  3733 | D:6      | Noticed Grinder
  3824 | D:8      | Received a gift from Nemelex Xobeh
  4056 | D:8      | Acquired Nemelex Xobeh's third power
  4094 | D:8      | Reached skill level 8 in Unarmed Combat
  4253 | D:8      | Reached XP level 8. HP: 33/70 MP: 6/6
  4404 | D:8      | Noticed a yak
  4650 | D:6      | Killed Eustachio
  4650 | D:6      | Reached skill level 9 in Unarmed Combat
  4726 | D:6      | HP: 3/70 [Grinder (2)]
  4727 | D:6      | Slain by Grinder

Action                   |  1- 3 |  4- 6 |  7- 9 || total
-------------------------+-------+-------+-------++-------
Melee: Unarmed           |   112 |   132 |   132 ||   376
 Fire: Blowgun           |       |       |     6 ||     6
Throw: Large rock        |     3 |     5 |     3 ||    11
Evoke: Wand              |       |       |     2 ||     2
       Deck              |       |       |     1 ||     1
  Use: Scroll            |       |    10 |     6 ||    16
       Potion            |       |     1 |     2 ||     3
  Eat: Chunk             |    16 |    16 |    16 ||    48
       Pizza             |       |     2 |       ||     2
       Fruit             |       |     1 |       ||     1

Action                   |  1- 3 |  4- 6 |  7- 9 || total
-------------------------+-------+-------+-------++-------
Melee: Unarmed           |   112 |   132 |   132 ||   376
 Fire: Blowgun           |       |       |     6 ||     6
Throw: Large rock        |     3 |     5 |     3 ||    11
Evoke: Wand              |       |       |     2 ||     2
       Deck              |       |       |     1 ||     1
  Use: Scroll            |       |    10 |     6 ||    16
       Potion            |       |     1 |     2 ||     3
  Eat: Chunk             |    16 |    16 |    16 ||    48
       Pizza             |       |     2 |       ||     2
       Fruit             |       |     1 |       ||     1

Action                   |  1- 3 |  4- 6 |  7- 9 || total
-------------------------+-------+-------+-------++-------
Melee: Unarmed           |   112 |   132 |   132 ||   376
 Fire: Blowgun           |       |       |     6 ||     6
Throw: Large rock        |     3 |     5 |     3 ||    11
Evoke: Wand              |       |       |     2 ||     2
       Deck              |       |       |     1 ||     1
  Use: Scroll            |       |    10 |     6 ||    16
       Potion            |       |     1 |     2 ||     3
  Eat: Chunk             |    16 |    16 |    16 ||    48
       Pizza             |       |     2 |       ||     2
       Fruit             |       |     1 |       ||     1
